[Event "GER Cup Teams 2019"]
[Site "Wolfhagen"]
[Date "2019.03.16"]
[Round "1.1"]
[White "Schmid, Roland"]
[Black "Zuferi, Enis"]
[Result "1-0"]
[ECO "A34"]
[WhiteElo "2282"]
[BlackElo "2369"]
[Annotator "NA"]
[PlyCount "67"]
[EventDate "2019.03.16"]
[EventType "team-tourn"]
[EventCountry "GER"]
[SourceTitle "playchess.com"]
[Source "ChessBase"]
[SourceQuality "1"]
[TimeControl "40/6000+30:3000+30"]

1. Nf3 Nf6 2. c4 c5 3. Nc3 d5 4. cxd5 Nxd5 5. d4 cxd4 6. Qxd4 Nxc3 7. Qxc3 Nc6 8. e4 Bg4 9. Bb5 {[%emt 0:03:29] A34: Symmetrical English: 2 Nc3, lines with ...d5} Rc8 10. Be3 a6 11. Rd1 Qc7 12. Ba4 e5 $146 ({Predecessor:} 12... b5 13. Bb3 e6 14. O-O Bxf3 15. gxf3 Bd6 16. Qxg7 Bxh2+ {1-0 (41) Topalov,V (2640)-Beliavsky,A (2650) Linares 1994}) 13. Bxc6+ bxc6 14. Rc1 Bxf3 15. gxf3 Bd6 16. Rg1 g6 17. Qc4 Qa5+ 18. Ke2 O-O 19. Rgd1 Be7 20. Rd7 Bh4 21. Bc5 Rb8 22. Rc2 Rbd8 23. Rcd2 Bg5 24. R2d3 h5 25. Bxf8 Rxf8 26. Ra3 (26. Rb3 $142) 26... Qb6 $2 (26... Qb5 27. Qxb5 axb5) 27. Rb3 Qa5 28. Rbb7 h4 29. b4 (29. Rxf7 $142 Qd2+ 30. Kf1 Qd1+ 31. Kg2 h3+ 32. Kxh3 Qf1+ 33. Qxf1 Rxf7 34. Qc4) 29... Qa3 30. Rxf7 Qb2+ 31. Kf1 Qb1+ 32. Kg2 h3+ 33. Kxh3 Qf1+ 34. Qxf1 1-0

[Event "GER Cup Teams 2019"]
[Site "Wolfhagen"]
[Date "2019.03.16"]
[Round "1.2"]
[White "Schmidt, Tobias"]
[Black "Quast, Michael"]
[Result "1/2-1/2"]
[ECO "B07"]
[WhiteElo "2266"]
[BlackElo "2308"]
[Annotator "NA"]
[PlyCount "64"]
[EventDate "2019.03.16"]
[EventType "team-tourn"]
[EventCountry "GER"]
[SourceTitle "playchess.com"]
[Source "ChessBase"]
[SourceQuality "1"]
[TimeControl "40/6000+30:3000+30"]

1. e4 d6 2. d4 Nf6 3. Nc3 Nbd7 4. f4 e5 5. Nf3 exd4 6. Qxd4 c6 $14 7. Be3 d5 8. e5 Ng4 9. Bg1 Bc5 10. Qd2 Bxg1 11. Rxg1 Qb6 12. Na4 Qe3+ 13. Qxe3 Nxe3 14. Kd2 Nxf1+ 15. Raxf1 b5 16. Nc3 b4 17. Ne2 c5 18. f5 Nb6 19. g4 Nc4+ 20. Kc1 Ne3 21. Re1 d4 22. Ng5 h5 23. Ne4 hxg4 24. Nxc5 Nxf5 25. Rxg4 Rxh2 26. Nxd4 Nxd4 27. Rxd4 Bf5 28. Ne4 Bxe4 29. Rexe4 a5 30. Rg4 Kf8 31. Rd2 Rh1+ 32. Rd1 Rh2 1/2-1/2

[Event "GER Cup Teams 2019"]
[Site "Wolfhagen"]
[Date "2019.03.16"]
[Round "1.3"]
[White "Pogan, Nikolas"]
[Black "Pohl-Kuemmel, Jens-Uwe"]
[Result "1-0"]
[ECO "E67"]
[WhiteElo "2270"]
[BlackElo "2302"]
[Annotator "NA"]
[PlyCount "93"]
[EventDate "2019.03.16"]
[EventType "team-tourn"]
[EventCountry "GER"]
[SourceTitle "playchess.com"]
[Source "ChessBase"]
[SourceQuality "1"]
[WhiteTeam "Heilbronn"]
[BlackTeam "Regensburg"]
[TimeControl "40/6000+30:3000+30"]

1. d4 d6 2. Nf3 g6 3. g3 Bg7 4. Bg2 Nf6 5. c4 O-O 6. Nc3 Nbd7 7. O-O e5 8. h3 Re8 9. e4 a6 10. Re1 c6 11. a4 {[%emt 0:07:13] E69: King's Indian: Fianchetto: 6...Nbd7 7 0-0 e5 8 e4 c6 9 h3} (11. a3 exd4 12. Nxd4 Nc5 13. b4 Ncd7 14. f4 Nh5 15. Kh2 f5 16. Be3 fxe4 17. Nxe4 Ndf6 18. Nc3 Nd7 {0-1 (65) Vasquez Schroder,R (2542)-Bologan,V (2672) Khanty-Mansiysk 2013}) 11... a5 12. Be3 exd4 13. Nxd4 Nc5 14. Qc2 Nfd7 15. Rad1 Qb6 {[%emt 0:03:31] [#]} 16. Bf1 $146 ({Predecessor:} 16. f4 Qb4 17. Bf1 Ra6 18. Na2 Qb6 {½-½ (55) Valsecchi,A (2508)-Apaydin,F (2262) Antalya 2017}) 16... Qb4 17. Kh2 h5 18. f4 Nf6 19. Bf2 Bd7 20. e5 dxe5 21. fxe5 Nh7 22. Na2 Qxa4 23. Qxa4 Nxa4 24. b3 Nb2 25. Rd2 Rxe5 26. Rxe5 Bxe5 27. Nf3 Bf6 28. Rxd7 a4 29. b4 a3 30. Rxb7 Nd1 31. Bd4 Ng5 32. Bxf6 Nxf3+ 33. Kh1 Re8 {[%emt 0:01:18] [#]} 34. Be2 $1 Nf2+ 35. Kg2 Ne4 36. Bxf3 Nxf6 37. Ra7 Re3 38. Ra8+ Kg7 39. Kf2 Rb3 40. Bxc6 Rb2+ 41. Ke3 Rxa2 42. Kd4 g5 43. b5 h4 44. gxh4 gxh4 45. b6 Rb2 $18 46. b7 a2 47. Rxa2 1-0

[Event "GER Cup Teams 2019"]
[Site "Wolfhagen"]
[Date "2019.03.16"]
[Round "1.4"]
[White "Werner, Claus"]
[Black "Stuermer, Robin"]
[Result "1-0"]
[ECO "B10"]
[WhiteElo "2200"]
[BlackElo "2195"]
[Annotator "NA"]
[PlyCount "53"]
[EventDate "2019.03.16"]
[EventType "team-tourn"]
[EventCountry "GER"]
[SourceTitle "playchess.com"]
[Source "ChessBase"]
[SourceQuality "1"]
[TimeControl "40/6000+30:3000+30"]

1. e4 c6 2. d3 d5 3. Nd2 g6 4. Ngf3 Bg7 5. g3 e5 6. Bg2 Ne7 7. O-O $11 O-O 8. Re1 Qc7 9. exd5 cxd5 10. c4 dxc4 11. Nxc4 Nbc6 12. Bd2 Be6 13. Rc1 Qb8 14. b4 Rd8 15. b5 Nd4 16. Nfxe5 Bd5 17. Bf4 Bxg2 18. Kxg2 Nd5 19. Nxg6 Nxf4+ 20. Nxf4 b6 21. Re7 Kf8 22. Qe1 Bf6 23. Re4 Qb7 24. f3 Rd7 25. Qe3 Nxb5 26. Nh5 Bd4 27. Qh6+ 1-0

[Event "GER Cup Teams 2019"]
[Site "Wolfhagen"]
[Date "2019.03.16"]
[Round "1.6"]
[White "Zuferi, Enis"]
[Black "Schmid, Roland"]
[Result "*"]
[ECO "A56"]
[WhiteElo "2369"]
[BlackElo "2282"]
[Annotator "NA"]
[PlyCount "23"]
[EventDate "2019.03.16"]
[EventType "team-tourn"]
[EventCountry "GER"]
[SourceTitle "playchess.com"]
[Source "ChessBase"]
[SourceQuality "1"]
[TimeControl "40/6000+30:3000+30"]

1. d4 Nf6 2. c4 c5 3. d5 g6 4. Nc3 Bg7 5. e4 d6 6. Bd3 e6 7. h3 O-O 8. Nf3 exd5 9. exd5 Re8+ 10. Be3 Nbd7 11. O-O a6 12. a4 $14 *

[Event "GER Cup Teams 2019"]
[Site "Wolfhagen"]
[Date "2019.05.18"]
[Round "3"]
[White "Sawlin, Leonid"]
[Black "Onischuk, Vladimir"]
[Result "0-1"]
[ECO "B09"]
[WhiteElo "2394"]
[BlackElo "2633"]
[Annotator "RC"]
[PlyCount "110"]
[EventDate "2019.03.16"]
[EventType "team-tourn"]
[EventCountry "GER"]
[SourceTitle "playchess.com"]
[Source "ChessBase"]
[SourceQuality "1"]
[WhiteTeam "SK Zehlendorf"]
[BlackTeam "Sfr. Bad Emstal / Wolfhagen"]
[TimeControl "40/6000+30:3000+30"]

1. e4 d6 2. d4 Nf6 3. Nc3 g6 4. f4 Bg7 5. Nf3 O-O 6. Bd3 Na6 7. e5 Nd7 8. e6 fxe6 9. Ng5 Nf6 10. Bc4 d5 11. Bxa6 bxa6 12. Na4 Qd6 13. Be3 Rb8 14. b3 h6 15. Nf3 Ng4 16. Bc1 Rxf4 17. Bxf4 Qxf4 18. Qd2 Ne3 19. Ke2 Nxg2 20. Qxf4 Nxf4+ 21. Ke3 g5 22. Nc5 Ng2+ 23. Kf2 Nh4 24. Ne5 Rb6 25. Rae1 a5 26. c3 Rd6 27. Rhg1 Bf6 28. Ned3 Kf7 29. Re2 Rc6 30. Rb1 Ng6 31. b4 axb4 32. Rxb4 Ba6 33. Nxa6 Rxa6 34. Nc5 Rc6 35. Ra4 e5 36. Ke3 Nf4 37. Rf2 Ne6 38. Ra5 exd4+ 39. cxd4 Kg6 40. Nb3 Nf4 41. Rxa7 Rc3+ 42. Kd2 Rc4 43. a4 Bxd4 44. Nxd4 Rxd4+ 45. Kc2 e5 46. a5 e4 47. Rxc7 e3 48. Rf1 e2 49. Ra1 Ra4 50. Rxa4 e1=Q 51. a6 Qe2+ 52. Kb3 Qb5+ 53. Ka3 Nd3 54. Rb7 Qc5+ 55. Kb3 Qc6 0-1

[Event "GER Cup Teams 2019"]
[Site "Wolfhagen"]
[Date "2019.05.18"]
[Round "3"]
[White "Weber, Max"]
[Black "Movsesian, Sergei"]
[Result "0-1"]
[ECO "E69"]
[WhiteElo "2240"]
[BlackElo "2645"]
[Annotator "RC"]
[PlyCount "92"]
[EventDate "2019.03.16"]
[EventType "team-tourn"]
[EventCountry "GER"]
[SourceTitle "playchess.com"]
[Source "ChessBase"]
[SourceQuality "1"]
[WhiteTeam "Greifswalder SV"]
[BlackTeam "OSG Baden-Baden"]
[TimeControl "40/6000+30:3000+30"]

1. d4 Nf6 2. c4 d6 3. Nf3 Nbd7 4. Nc3 e5 5. e4 g6 6. g3 Bg7 7. Bg2 O-O 8. O-O c6 9. h3 a6 10. Re1 Re8 11. Be3 exd4 12. Nxd4 Nc5 13. Qc2 Bd7 14. Rad1 Qc7 15. b4 Ne6 16. c5 dxc5 17. Nxe6 Bxe6 18. Bxc5 Rad8 19. Na4 b5 20. Nc3 Nd7 21. Bd6 Qc8 22. Ne2 Ne5 23. Kh2 Nc4 24. Bc5 h5 25. h4 Ne5 26. f3 Bc4 27. Nd4 Nd7 28. Nb3 Nxc5 29. Nxc5 a5 30. bxa5 Qc7 31. Nb3 Bf8 32. Rxd8 Rxd8 33. Rd1 Bb4 34. f4 Bxa5 35. Nxa5 Qxa5 36. Rxd8+ Qxd8 37. e5 Qa8 38. a3 Qxa3 39. Bxc6 Bd3 40. Qd1 b4 41. Bd5 Qb2+ 42. Kh1 Qc2 43. Qa1 Be4+ 44. Bxe4 Qxe4+ 45. Kh2 b3 46. Qa7 Qc2+ 0-1